 Dungeon Crawl Stone Soup version 0.28.0-53-g5a82cb258f (webtiles) character file.

Game seed: 10164897514274613646

21 SanguineChosen the Grave Robber (level 2, 0/20 HPs)
             Began as a Ghoul Necromancer on June 2, 2022.
             Slain by a worm (9 damage)
             ... on level 1 of the Dungeon.
             The game lasted 00:27:13 (2503 turns).

SanguineChosen the Grave Robber (Ghoul Necromancer) Turns: 2503, Time: 00:27:13

Health: 0/20       AC:  2    Str: 11    XL:     2   Next: 87%
Magic:  0/4        EV: 12    Int: 10    God:
Gold:   59         SH:  0    Dex:  9    Spells: 4/5 levels left

rFire   . . .      SeeInvis .   b - +0 dagger
rCold   + . .      Faith    .   (no shield)
rNeg    + + +      Spirit   .   a - +0 robe
rPois   ∞          Reflect  .   (no helmet)
rElec   .          Harm     .   (no cloak)
rCorr   .          Rampage  .   (no gloves)
Will    .....                   (no boots)
Stlth   ++........              (no amulet)
HPRegen 0.00/turn               (no ring)
MPRegen 0.09/turn               (no ring)

@: inhibited regen
A: claws 1, cold resistance 1, negative energy resistance 3, inhibited
regeneration, torment resistance 2
a: no special abilities


You were on level 1 of the Dungeon.
You visited 1 branch of the dungeon, and saw 2 of its levels.

You collected 59 gold pieces.

Inventory:

Hand Weapons
 b - a +0 dagger (weapon)
 c - a +0 short sword
Armour
 a - a +0 robe (worn)
 d - a +0 robe
 e - a +0 robe
 f - an orb of light


   Skills:
 + Level 2.1 Dodging
 + Level 2.7 Stealth
 + Level 2.0 Spellcasting
 + Level 4.2 Necromancy


You had 4 spell levels left.
You knew the following spells:

 Your Spells              Type           Power      Damage    Failure   Level
a - Pain                  Necr           36%        1d5       5%          1

Your spell library contained the following spells:

 Spells                   Type           Power      Damage    Failure   Level
 Animate Skeleton         Necr           18%        N/A       5%          1
 Vampiric Draining        Necr           9%         2d6       17%         3
 Freeze                   Ice            4%         1d3       30%         1
 Animate Dead             Necr           4%         N/A       50%         4
 Frozen Ramparts          Ice            2%         1d2       67%         3
 Portal Projectile        Hex/Tloc       2%         N/A       67%         3
 Hailstorm                Conj/Ice       1%         3d3       97%         4
 Agony                    Necr           9%         N/A       83%         5
 Excruciating Wounds      Necr           4%         N/A       83%         5
 Blade Hands              Tmut           Unusable   N/A       N/A         5

Dungeon Overview and Level Annotations

Branches:
Dungeon (2/15)

Altars:


Innate Abilities, Weirdness & Mutations

You thrive by killing the living.
You are immune to poison.
You have sharp fingernails.
Your flesh is cold resistant. (rC+)
You are immune to negative energy. (rN+++)
You do not regenerate when monsters are visible.
You are immune to unholy pain and torment.


Message History

Aim: a worm (wandering, hasn't noticed you, chance to affect: 69%)
The worm struggles to resist.
Casting: Pain (safe; 5% risk of failure)
Confirm with . or Enter, or press ? or * to list all spells.
Aiming: Pain (safe; 5% risk of failure)
Press: ? - help, Shift-Dir - straight line, f/p - worm
Aim: a worm (chance to affect: 69%)
The worm writhes in agony.
Casting: Pain (safe; 5% risk of failure)
Confirm with . or Enter, or press ? or * to list all spells.
Aiming: Pain (safe; 5% risk of failure)
Press: ? - help, Shift-Dir - straight line, f/p - worm
Aim: a worm (moderately wounded, chance to affect: 69%)
The worm writhes in agony.
Casting: Pain (safe; 5% risk of failure)
Confirm with . or Enter, or press ? or * to list all spells.
You don't have enough magic to cast this spell.
Unknown command.
Casting: Pain (safe; 5% risk of failure)
Confirm with . or Enter, or press ? or * to list all spells.
You don't have enough magic to cast this spell.
Unknown command.
Casting: Pain (safe; 5% risk of failure)
Confirm with . or Enter, or press ? or * to list all spells.
Aiming: Pain (safe; 5% risk of failure)
Press: ? - help, Shift-Dir - straight line, f/p - worm
Aim: a worm (lightly wounded, chance to affect: 69%)
The worm writhes in agony.
The worm bites you.
You hit the worm.
The worm is moderately wounded.
You hit the worm.
The worm is moderately wounded.
The worm bites you.
You hit the worm but do no damage.
The worm is moderately wounded.
You hit the worm but do no damage.
The worm is moderately wounded.
The worm bites you!
You die...

#...##...........#####.
#..###............####.
#......#####....#.....)
#..##### ###...###.#. #..#
##..#####. ##..## ##..##..#.
########....## #######......###
#............###.......######..
##..####.....w@................
##...................##.......
######....#########.#######..
#....# #.......... #....#
########### ######


You could see a worm.

Vanquished Creatures
  3 ball pythons (D:1)
  2 bats (D:1)
  An endoplasm (D:1)
  A giant cockroach (D:1)
  2 goblins (D:1)
  4 hobgoblins (D:1)
  3 kobolds (D:1)
  A quokka (D:1)
  2 frilled lizards (D:1)
19 creatures vanquished.

Notes
Turn   | Place    | Note
-------+----------+-------------------------------------------
     0 | D:1      | SanguineChosen the Ghoul Necromancer began the quest for
                  | the Orb.
     0 | D:1      | Reached XP level 1. HP: 14/14 MP: 2/2
   551 | D:1      | Reached XP level 2. HP: 10/20 MP: 0/3
   689 | D:1      | HP: 1/20 [kobold/stone (2)]
   738 | D:1      | HP: 1/20 [kobold/stone (2)]
  2503 | D:1      | Slain by a worm

Illustrated notes

Levels and vault maps discovered:
D:1:      matt_arrival_refuge, layout_rooms
D:2:      mumra_celtic_spiral_tile, layout_basic, serial_shops, shop,
          basic_altar, kennysheep_generic_room_10, uniq_terence

Skill      XL: |  1  2 |
---------------+-------+-----
Dodging        | 2 |  2.1
Spellcasting   | 2 |  2.0
Stealth        | |  2.7
Necromancy     | |  4.2

Action                   || total
-------------------------++-------
Melee: Short sword       ||    15
       Dagger            ||    12
 Cast: Pain              ||    74
  Use: Potion            ||     2
Armor: Robe              ||    31
Dodge: Dodged            ||    78
